 Dungeon Sprint DCSS version 0.29.1 (webtiles) character file.

Game seed: 10293731687918800168

60 rocky1 the Carver (level 4, -5/33 HPs)
             Began as a Merfolk Gladiator on Sept 13, 2022.
             Slain by a water elemental (19 damage)
             ... in the Dungeon (Sprint III: "The Ten Rune Challenge").
             The game lasted 00:01:31 (697 turns).

rocky1 the Carver (Merfolk Gladiator)                Turns: 697, Time: 00:01:31

Health: -5/33      AC:  4    Str: 14    XL:     4   Next: 6%
Magic:  4/4        EV: 13    Int:  7    God:
Gold:   52         SH:  0    Dex: 17    Spells: 3/3 levels left

rFire   . . .      SeeInvis .   a - +0 long sword
rCold   . . .      Faith    .   (no shield)
rNeg    . . .      Spirit   .   b - +0 leather armour
rPois   .          Reflect  .   c - +0 helmet
rElec   .          Harm     .   (no cloak)
rCorr   .          Rampage  .   (no gloves)
Will    .....      NoTele   +   (no boots)
Stlth   +.........              (no amulet)
HPRegen 0.11/turn               (no ring)
MPRegen 0.09/turn               (no ring)

@: engulfed, hasted, very quick
A: (nimble swimmer 2), mertail
a: no special abilities


You were in the Dungeon.
You visited 1 branch You collected 52 gold pieces.

Inventory:

Hand Weapons
 a - a +0 long sword (weapon)
Missiles
 d - a throwing net (quivered)
 e - a javelin
Armour
 b - a +0 leather armour (worn)
 c - a +0 helmet (worn)
Scrolls
 j - 2 scrolls of torment {unknown}
 k - a scroll of blinking
 l - 3 scrolls of identify
Potions
 f - a potion of curing
 g - 2 potions of heal wounds
 i - 2 potions of magic
 m - 7 potions of mutation
 n - a potion of flight {unknown}


   Skills:
 - Level 2.1 Fighting
 + Level 9.7 Long Blades
 - Level 2.0 Throwing
 - Level 4.0 Dodging


You had 3 spell levels left.
You didn't know any spells.
Your spell library was empty.

Dungeon Overview and Level Annotations

Branches:
Dungeon (1/1)

Altars:


Innate Abilities, Weirdness & Mutations

((You are very nimble when in or above water. (Stealth+, EV+, Speed+++)))
Your lower body shifts to a powerful aquatic tail in water.


Message History

You recover from your berserk rage.
You start resting.
You start resting.
You start resting.
You start resting.
You start resting.
HP restored.
You start waiting.
d - a throwing net
Things that are here:
a human skeleton; a wolf skeleton You open the door.
Found 27 gold pieces and 2 potions of mutation.
There is an open door here.
You now have 39 gold pieces (gained 14).
m - 2 potions of mutation (gained 1);
j - a scroll labelled SEVVUO IKOO
l - 2 scrolls of identify;
m - 4 potions of mutation (gained 2)
g - 2 potions of heal wounds (gained 1)
m - 5 potions of mutation (gained 1)
j - 2 scrolls labelled SEVVUO IKOO (gained 1)
l - 3 scrolls of identify (gained 1);
m - 7 potions of mutation (gained 2)
n - a viscous dark potion You now have 52 gold pieces (gained 13).
There is an open door here.
You open the door.
A water elemental comes into view.
Unknown command.
You feel yourself speed up.
You slash the water elemental!
The water elemental is moderately damaged.
The water elemental hits you!!
Ouch! That really hurt!
The water elemental engulfs you in water!
You hit the water elemental but do no damage.
The water elemental is moderately damaged.
You slash the water elemental!
The water elemental is heavily damaged.
The water elemental hits you!!
Ouch! That really hurt!
You die...

▓▓▓▓▓▓▓▓ ▓▓▓ <..#...####
##.# ...#......#####..#
..##.......#..#..#
##.##.##...#..#..# #+#+#
##.##.###..##'#..#......
#.####.##).###..@E.⌠....
.###..##..####...#...###
#.....##..###....# ⌠.#
###..##...##.....# .#
##..##....#......# #
#..###..##÷#.....# #..#
#..#####....# ▓▓▓▓ ▓▓▓▓
▓▓▓▓▓▓


You could see a water elemental.

Vanquished Creatures
  Jessica (D)
  A human (D)
  A wolf (D)
  An endoplasm (D)
  2 rats (D)
6 creatures vanquished.

Notes
Turn   | Place    | Note
-------+----------+-------------------------------------------
     0 | D        | rocky1 the Merfolk Gladiator began the quest for the Orb.
     0 | D        | Reached XP level 1. HP: 16/16 MP: 1/1
    12 | D        | Reached skill level 4 in Long Blades
    37 | D        | Reached skill level 5 in Long Blades
    47 | D        | Noticed Jessica
    52 | D        | Killed Jessica
    53 | D        | Reached skill level 8 in Long Blades
    53 | D        | Reached XP level 2. HP: 22/22 MP: 2/2
    53 | D        | Reached XP level 3. HP: 27/27 MP: 3/3
   321 | D        | Reached skill level 9 in Long Blades
   321 | D        | Reached XP level 4. HP: 5/33 MP: 4/4
   693 | D        | Noticed a water elemental
   697 | D        | Slain by a water elemental

Illustrated notes

Levels and vault maps discovered:
D:        dungeon_sprint_mu [sprint_mu_entry_cave, sprint_mu_temple_rooms,
          sprint_mu_d1_horrors, sprint_mu_d2_genie, sprint_mu_d3_branching,
          sprint_mu_orc_legion, sprint_mu_elf_gauntlet, sprint_mu_hive_nellie,
          sprint_mu_lair_fedhas, sprint_mu_vaults_butterflies,
          sprint_mu_slime_circle, sprint_mu_swamp_cave, sprint_mu_snake_twists,
          sprint_mu_blade_basic, sprint_mu_crypt_chambers,
          sprint_mu_tomb_spiral, sprint_mu_vestibule_basic,
          sprint_mu_gehenna_hellfire, sprint_mu_dis_giant,
          sprint_mu_tartarus_statrot, sprint_mu_cocytus_islands, sprint_mu_zot1]

Skill      XL: |  1  2  3 |
---------------+----------+-----
Long Blades    | 8 9 |  9.7
Fighting       | |  2.1
Throwing       | |  2.0
Dodging        | |  4.0

Action                   |  1- 3 |  4- 6 || total
-------------------------+-------+-------++-------
Melee: Long sword        |    27 |     3 ||    30
       Unarmed           |     1 |       ||     1
Throw: Throwing net      |     3 |       ||     3
Evoke: Wand              |     1 |       ||     1
  Use: Potion            |     1 |     1 ||     2
 Stab: Sleeping          |     2 |       ||     2
Armor: Leather armour    |     2 |       ||     2
Dodge: Dodged            |    23 |       ||    23
